Map: Lock & Load

Players

NamroodTuo

  • Race: Zerg Zerg

PalAndry

  • Race: Terran Terran
  • Spawn Location: 7:00

VOD

Have the link to the VOD?

Description

Time

  • Played on: Feb. 11, 2023, 1:05 p.m.
  • Length: 24:19
Show
View Real Time Build Order
Export as new Build Order

NamroodTuo Zerg 

Build Orders:  

Get SALT Encoding   

  12  0:04  Infested SCV  
  13  0:12  Infested SCV  
  13  0:18  Infested SCV  
  15  0:31  Overlord  
  15  0:48  Infested Barracks  
  15  0:59  Infested SCV  
  16  1:04  Overlord  
  16  1:13  Infested SCV  
  17  1:30  Infested SCV  
  18  1:40  Infested SCV  
  19  1:53  Infested Barracks  
  19  2:05  Infested SCV  
  20  2:19  Infested SCV  
  21  2:26  Infested Refinery  
  21  2:30  Infested Refinery  
  21  2:32  Infested SCV  
  22  2:41  Overlord  
  22  3:08  Infested Barracks Tech Lab  
  22  3:11  Infested SCV  
  23  3:24  Infested SCV  
  24  3:30  Infested SCV  
  24  3:39  Retinal Augmentation  
  25  3:46  Infested SCV  
  26  4:01  Infested Engineering Bay  
  26  4:03  Overlord  
  26  4:16  Infested Bunker  
  30  4:35  Infested Bunker  
  34  4:52  Plagued Munitions  
  34  4:59  Infested SCV  
  35  5:00  Infested SCV  
  35  5:03  Infested SCV  
  37  5:37  Infested Factory  
  37  5:43  Infested SCV  
  37  5:44  Infested SCV  
  37  5:45  Infested SCV  
  40  6:08  Infested Bunker  
  44  6:26  Infested SCV, Infested Missile Turret  
  44  6:28  Overlord  
  45  6:37  Regenerative Plating  
  45  7:03  Infested Missile Turret  
  45  7:08  Infested Missile Turret  
  45  7:13  Infested Factory Tech Lab  
  45  7:17  Infested Diamondback  
  48  7:25  Overlord x2  
  48  7:41  Overlord  
  48  7:48  Infested Diamondback  
  51  8:00  Infested Factory, Infested Factory Tech Lab  
  55  8:39  Infested Bunker  
  55  9:32  Infested Siege Tank x4  
  67  9:40  Infested Factory  
  67  9:46  Infested Armory  
  67  10:31  Infested Siege Tank x3  
  67  10:38  Overlord x3  
  76  11:04  Infested Marine  
  76  11:05  Infested Marine x15  
  92  11:40  Saturated Cultures  
  82  12:40  Caustic Mucus  
  72  13:21  Infested Marine  
  72  13:22  Infested Marine x12  
  72  13:23  Infested Marine x18  
  103  13:30  Aggressive Incubation  
  103  13:39  Infested Command Center  
  103  13:51  Infested SCV  
  77  14:10  Automated Mitosis  
  77  14:12  Infested Bunker  
  77  14:14  Infested Missile Turret  
  77  14:16  Infested Marine  
  77  14:17  Infested Marine x16  
  82  15:10  Acidic Enzymes  
  77  15:29  Infested Siege Tank x4  
  84  15:30  Infested Siege Tank  
  79  16:27  Infested SCV x3  
  79  16:28  Infested SCV x2  
  84  16:32  Infested SCV x4  
  84  16:37  Overlord  
  88  16:43  Overlord  
  88  16:46  Infested Siege Tank  
  88  16:47  Infested Siege Tank  
  94  16:53  Infested Siege Tank  
  97  17:06  Stukov Vehicle and Ship Weapons Level 1  
  97  17:14  Calcified Armor  
  97  17:28  Infested SCV  
  97  17:29  Infested SCV x2  
  100  17:43  Infested Siege Tank  
  94  19:18  Infested Siege Tank x3  
  94  19:19  Infested Siege Tank x2  
  109  19:23  Stukov Infantry Weapons Level 1  
  109  19:40  Infested Refinery  
  109  19:46  Stukov Vehicle and Ship Armor Level 1  
  109  19:47  Infested Refinery  
  109  20:03  Infested Marine  
  109  20:04  Infested Marine x8  
  109  20:05  Infested Marine x16  
  110  21:26  Infested Siege Tank x5  
  125  21:37  Overlord  
  125  21:38  Overlord x4  
  112  21:55  Infested Siege Tank  
  112  21:56  Infested Diamondback x2  
  112  21:57  Infested Diamondback x3  
  130  22:11  Infested Marine  
  130  22:12  Infested Marine x19  
  130  22:13  Infested Marine x20  
Show
View Real Time Build Order
Export as new Build Order

PalAndry Terran 

Build Orders:  

Get SALT Encoding   

  12  0:03  SCV  
  13  0:17  SCV  
  14  0:32  SCV  
  14  0:33  Supply Depot  
  15  1:01  Factory  
  15  1:03  SCV  
  16  1:17  SCV, Refinery  
  17  1:30  SCV  
  18  1:44  SCV  
  18  1:46  Supply Depot  
  19  1:57  SCV  
  19  1:58  Refinery  
  20  2:08  Factory Tech Reactor  
  20  2:11  SCV  
  21  2:24  SCV  
  22  2:44  Devastation Turret  
  22  2:45  SCV  
  23  2:59  SCV  
  24  3:01  Siege Tank  
  27  3:12  SCV  
  27  3:16  Supply Depot  
  28  3:26  SCV  
  29  3:48  Goliath  
  30  5:05  SCV  
  31  5:18  SCV, Supply Depot  
  32  5:26  Armory  
  32  5:32  SCV  
  32  5:34  Siege Tank  
  33  5:46  SCV  
  33  5:48  Command Center  
  34  6:00  SCV  
  34  6:08  Devastation Turret  
  35  6:38  Devastation Turret  
  35  6:47  SCV  
  36  7:00  SCV  
  36  7:07  Perdition Turret  
  37  7:14  SCV  
  37  7:19  Perdition Turret  
  38  7:27  SCV  
  39  7:31  Perdition Turret  
  39  7:32  SCV, Refinery  
  40  7:41  SCV, Refinery  
  40  7:43  Perdition Turret  
  40  7:46  SCV  
  42  7:54  SCV  
  42  7:56  Perdition Turret  
  42  7:59  SCV  
  43  8:08  Perdition Turret  
  44  8:13  SCV  
  45  8:31  Perdition Turret  
  45  8:33  Perdition Turret  
  45  8:40  Engineering Bay  
  45  8:56  Perdition Turret  
  45  9:23  Devastation Turret  
  45  9:43  SCV x2  
  47  9:52  Devastation Turret  
  47  9:56  SCV  
  47  9:57  SCV  
  49  10:10  SCV x2  
  51  10:22  Perdition Turret  
  51  10:24  SCV  
  52  10:33  Supply Depot  
  52  10:36  Thor  
  52  10:37  SCV  
  59  10:47  Spinning Dizzy  
  59  10:51  SCV  
  60  11:03  Starport, Thor  
  60  11:04  SCV, Supply Depot  
  60  11:08  Spinning Dizzy  
  67  11:11  Spinning Dizzy  
  67  11:22  Advanced Optics  
  67  11:26  Hi-Sec Auto Tracking  
  67  11:32  Maelstrom Rounds  
  67  11:33  Spinning Dizzy  
  67  11:36  Supply Depot  
  67  11:56  Factory  
  67  11:57  Devastation Turret  
  66  12:21  Upgrade Laser Drill Level 1  
  66  12:26  Structure Armor  
  66  12:57  SCV  
  66  12:59  Perdition Turret x2  
  67  13:11  SCV  
  67  13:15  Factory Tech Reactor  
  67  13:17  Starport Tech Reactor  
  68  13:22  Regenerative Bio-Steel  
  68  13:24  SCV  
  68  13:25  Thor x2  
  68  13:26  Fire-Suppression Systems  
  79  13:58  Thor  
  79  13:59  Thor  
  73  14:26  KMC Auto-Loaders  
  79  14:48  Perdition Turret  
  79  14:49  Thor  
  79  14:51  Thor  
  79  14:52  Terran Vehicle and Ship Weapons Level 1  
  79  14:56  Perdition Turret x3  
  73  15:25  Thor  
  79  15:49  Supply Depot  
  79  16:21  Supply Depot  
  79  16:29  Upgrade Laser Drill Level 2  
  79  16:47  Devastation Turret  
  79  16:53  Supply Depot  
  79  17:15  Devastation Turret  
  79  17:26  Hellbat x2, Supply Depot  
  79  17:28  Thor x2  
  91  17:37  Science Vessel x2  
  99  17:43  Devastation Turret  
  108  17:50  Hellbat x2  
  100  18:00  Perdition Turret  
  100  18:07  Perdition Turret  
  100  18:08  Perdition Turret  
  100  18:09  Hellbat  
  99  18:10  Hellbat  
  99  18:11  Devastation Turret  
  99  18:13  Hellbat  
  99  18:14  Perdition Turret, Hellbat  
  102  18:22  Perdition Turret x2  
  102  18:25  Science Vessel x2  
  110  18:33  Hellbat  
  110  18:34  Hellbat  
  110  18:37  Hellbat  
  110  18:38  Hellbat  
  112  18:42  Perdition Turret  
  112  18:47  Terran Vehicle and Ship Weapons Level 2  
  118  18:57  Supply Depot  
  118  19:05  Perdition Turret, Hellbat  
  118  19:06  Perdition Turret x2  
  118  19:21  Hellbat  
  118  19:27  Science Vessel x2  
  122  19:30  Perdition Turret, Infernal Pre-Igniter, Supply Depot  
  122  19:35  Perdition Turret  
  122  19:36  Perdition Turret  
  120  19:40  Perdition Turret  
  120  19:44  Perdition Turret  
  120  19:45  Perdition Turret  
  120  19:46  Perdition Turret  
  120  19:56  Spinning Dizzy  
  120  20:01  Perdition Turret  
  120  20:03  Supply Depot  
  120  20:05  SCV  
  121  20:15  Science Vessel x2  
  121  20:17  Spinning Dizzy  
  121  20:19  SCV  
  126  20:30  Infernal Plating  
  126  20:32  SCV  
  126  20:35  Supply Depot  
  126  20:39  Spinning Dizzy  
  127  21:02  Devastation Turret  
  127  21:07  Supply Depot  
  127  21:23  Hellbat x3  
  127  21:24  Hellbat  
  133  21:30  330mm Barrage Cannon  
  133  21:31  Devastation Turret  
  133  21:34  Science Vessel x2  
  133  21:39  Supply Depot  
  139  21:53  Thor x3  
  153  22:01  Devastation Turret  
  153  22:04  Thor  
  155  22:10  Supply Depot  
  155  22:22  Science Vessel  
  155  22:28  Spinning Dizzy  
  157  22:41  Supply Depot  
  157  22:52  Spinning Dizzy  
  157  23:13  Spinning Dizzy  
  157  23:36  Spinning Dizzy  
  157  24:00  Perdition Turret  
Tags
 
Commander
StukovSwann
Matchup
Co-op
Replay Pack
Multiplayer
Add a new tag
Caveats
  • Supply blocks, unpowered buildings, or Contaminate may cause inaccurate times.
  • Supply counts are checked every 10 seconds.